 Dungeon Crawl Stone Soup version 0.17-a0-1572-g7a1422d (webtiles) character file.

120 karlkraus the Covered (level 4, -1/41 HPs)
             Began as a Minotaur Fighter on July 25, 2015.
             Killed from afar by Ajdolov's ghost (6 damage)
             ... with a zap
             ... on level 4 of the Dungeon.
             The game lasted 00:05:05 (1880 turns).

karlkraus the Covered (Minotaur Fighter)            Turns: 1880, Time: 00:05:10

Health: -1/41      AC:  9    Str: 22    XL:     4   Next: 75%
Magic:  3/3        EV:  8    Int:  5    God:
Gold:   224        SH: 10    Dex:  9    Spells: 0 memorised, 3 levels left

rFire  . . .     SeeInvis .     A - +0 mace
rCold  . . .     Clarity  .     b - +0 scale mail
rNeg   . . .     SustAt   .     c - +1 shield
rPois  .         Gourm    .     (helmet restricted)
rElec  .         Spirit   .     (no cloak)
rCorr  .         Warding  .     (no gloves)
rMut   .         Stasis   .     (no boots)
MR     .....                    (no amulet)
Stlth  ..........               (no ring)
                                (no ring)

@: not resistant to hostile enchantments, extremely unstealthy
A: retaliatory headbutt, horns 2, slimy green scales 1
a: no special abilities


You were on level 4 of the Dungeon.
You were not hungry.

You visited 1 branch of the dungeon, and saw 4 of its levels.

You collected 224 gold pieces.

Inventory:

Hand weapons
 a - a +0 flail
 A - a +0 mace (weapon)
Armour
 b - a +0 scale mail (worn)
 c - a +1 shield (worn)
Magical devices
 o - a wand of frost (32)
Scrolls
 f - 2 scrolls of blinking {unknown}
 v - 2 scrolls of random uselessness
 x - 2 scrolls of enchant armour
 y - 2 scrolls of enchant weapon {unknown}
Potions
 d - 3 potions of might
 h - 2 potions of flight {unknown}
 j - a potion of mutation {unknown}
 k - 3 potions of heal wounds {unknown}
 l - 2 potions of curing {unknown}
 m - a potion of cancellation {unknown}
 n - a potion of haste
 B - a potion of cure mutation
Comestibles
 e - 4 bread rations
 g - a beef jerky
 i - 2 meat rations
 r - a slice of pizza
 z - 2 fruits


   Skills:
 + Level 4.5 Fighting
 + Level 3.3 Maces & Flails
 + Level 4.6 Armour
 + Level 1.3 Dodging
 + Level 4.3 Shields


You had 3 spell levels left.
You didn't know any spells.

Dungeon Overview and Level Annotations

Branches:
Dungeon (4/15)
 Temple: D:4-7

Altars:
Elyvilon

Annotations:
D:4 Ajdolov's ghost, experienced TeAE


Innate Abilities, Weirdness & Mutations

You reflexively headbutt those who attack you in melee.
You have a pair of horns on your head.
You are partially covered in slimy green scales (AC +2).


Message History

You hit Ajdolov's ghost. You headbutt Ajdolov's ghost!
Ajdolov's ghost is severely damaged.
You block Ajdolov's ghost's attack.
Your shield prevents you from hitting Ajdolov's ghost.
Ajdolov's ghost is severely damaged.
Ajdolov's ghost gestures at you while chanting.
The zap hits you!
* * * LOW HITPOINT WARNING * * *
You are too injured to fight recklessly!
You are too injured to fight recklessly!
Ajdolov's ghost laughs crazily.
Ajdolov's ghost hits you but does no damage.
You hit Ajdolov's ghost.
You headbutt Ajdolov's ghost, but do no damage.
Ajdolov's ghost is almost destroyed.
Ajdolov's ghost casts a spell at you. The zap hits you!
* * * LOW HITPOINT WARNING * * *
The zap hits you!
You die...

**********......* #.# *,*
*,.....* #.# *,* *,.....###
#.#######
*,*******#####....#######........
*,,,,,,,,.........).......######.
***********#.......######.# #.
#.......# #.# #. #.......# #.# #.
#...W@..# #.# #. #..!....# #.# #.
######### #.# #. #.######.
#........ #########


You could see Ajdolov's ghost.

Vanquished Creatures
  A giant frog skeleton (D:4)
  Jessica (D:3)
  An adder (D:2)
  A worm (D:2)
  5 giant geckos
  An orc (D:3)
  A ball python (D:3)
  6 bats
  3 giant cockroaches
  4 goblins
  6 hobgoblins
  2 jackals (D:2)
  3 giant newts
  6 kobolds
  10 rats
51 creatures vanquished.

Notes
Turn   | Place    | Note
--------------------------------------------------------------
     0 | D:1      | karlkraus the Minotaur Fighter began the quest for the Orb.
     0 | D:1      | Reached XP level 1. HP: 19/19 MP: 0/0
   232 | D:1      | Reached XP level 2. HP: 27/27 MP: 1/1
   497 | D:1      | Reached skill level 4 in Fighting
   594 | D:2      | Found a white marble altar of Elyvilon.
   860 | D:2      | Reached XP level 3. HP: 33/33 MP: 2/2
  1377 | D:3      | Noticed Jessica
  1381 | D:3      | Killed Jessica
  1381 | D:3      | Reached XP level 4. HP: 39/41 MP: 3/3
  1614 | D:3      | Gained mutation: You are partially covered in slimy green scales (AC +2). [potion of beneficial mutation]
  1794 | D:4      | Reached skill level 1 in Dodging
  1867 | D:4      | Noticed Ajdolov's ghost (experienced TeAE)
  1880 | D:4      | Killed from afar by Ajdolov's ghost

Vault maps used:
D:1:      roderic_chinese_lattice_arrival, hex_large, glass_columns_a
D:2:      elyvilon_altar_4
D:3:      first_bread, hangedman_decor_points, uniq_jessica

Action                   |  1- 3 |  4- 6 || total
-------------------------+-------+-------++-------
Melee: Flail             |    65 |       ||    65
       Mace              |    44 |    21 ||    65
  Use: Scroll            |       |    10 ||    10
       Potion            |       |     1 ||     1
  Eat: Chunk             |     1 |     2 ||     3
